 Dungeon Sprint DCSS version 0.19.5 (webtiles) character file.

303 schets the Thrower (level 6, -2/68 HPs)
             Began as an Ogre Hunter on Feb 3, 2018.
             Was a Follower of Okawaru.
             Slain by a sky beast (5 damage)
             ... in the Dungeon (Sprint IX: "|||||||||||||||||||||||||||||").
             The game lasted 00:02:12 (618 turns).

schets the Thrower (Ogre Hunter)                     Turns: 618, Time: 00:02:13

Health: -2/68      AC:  3    Str: 23    XL:     6   Next: 38%
Magic:  4/6        EV: 15    Int: 10    God:    Okawaru [*.....]
Gold:   0          SH:  0    Dex: 13    Spells: 0 memorised, 5 levels left

rFire  . . .     SeeInvis .     r - +2 dire flail (crush)
rCold  . . .     Gourm    .     b - +0 robe
rNeg   . . .     Faith    .     (shield currently unavailable)
rPois  .         Spirit   .     (helmet restricted)
rElec  .         Reflect  .     (no cloak)
rCorr  .         Harm     .     (gloves unavailable)
MR     .....     NoTele   +     (boots unavailable)
Stlth  +++.......               (no amulet)
                                q - +3 ring of dexterity
                                p - +3 ring of strength

@: heroism
A: unfitting armour, tough skin 1
a: Heroism, Renounce Religion


You were in the Dungeon.
You worshipped Okawaru.
Okawaru was aware of your devotion.
You were not hungry.

You visited 1 branch

Inventory:

Hand Weapons
 a - a +0 short sword
 r - a +2 dire flail of crushing (weapon)
Missiles
 j - 3 stones (quivered)
Armour
 b - a +0 robe (worn)
Jewellery
 p - a +3 ring of strength (left hand)
 q - a +3 ring of dexterity (right hand)
Wands
 o - a wand of acid (7/15)
Scrolls
 k - 2 scrolls of blinking
 m - 3 scrolls of remove curse
 n - 2 scrolls of amnesia
Potions
 e - 5 potions of curing
 g - 3 potions of heal wounds
 h - a potion of haste
 i - 4 potions of magic
 l - a potion of invisibility
Comestibles
 f - a bread ration


   Skills:
 + Level 6.3(11.3) Fighting
 + Level 2.0(7.0) Short Blades
 + Level 1.6(6.6) Maces & Flails
 + Level 11.2(16.2) Throwing
 + Level 4.2(9.2) Dodging
 + Level 1.1(6.1) Stealth


You had 5 spell levels left.
You didn't know any spells.

Dungeon Overview and Level Annotations

Branches:
Dungeon (1/1)

Altars:
Cheibriados
Dithmenos
Elyvilon
Fedhas
Gozag
Hepliaklqana
Kikubaaqudgha
Makhleb
Nemelex Xobeh
Okawaru
Qazlal
Ru
Sif Muna
Trog
Uskayaw
Vehumet
Xom
Yredelemnul
Zin
The Shining One
Beogh
Jiyva
Lugonu


Innate Abilities, Weirdness & Mutations

You are too large for most types of armour.
You have tough skin. (AC +1)


Message History

You closely miss something. Something hits you but does no damage.
You miss something. Something barely misses you.
You puncture something! Something hits you. Something shocks you.
You barely miss something. Something hits you. Something shocks you.
You closely miss something. Something hits you. Something shocks you.
* * * LOW HITPOINT WARNING * * *
You closely miss something. Something hits you.
* * * LOW HITPOINT WARNING * * *
Something shocks you.
* * * LOW HITPOINT WARNING * * *
You barely miss something. Something hits you.
* * * LOW HITPOINT WARNING * * *
Something shocks you.
* * * LOW HITPOINT WARNING * * *
You barely miss something.
A sky beast appears from thin air!
Reactivating autopickup.
The sky beast hits you.
* * * LOW HITPOINT WARNING * * *
The sky beast shocks you.
You die...

▓.▓
▓(▓
▓.▓
▓(▓
▓)▓
▓(▓
▓5▓
▓Y▓
▓@▓
▓▓▓


You could see a sky beast and a crimson imp.

Vanquished Creatures
  An orc warrior (D)
  A big kobold (D)
  2 crimson imps (D)
  A hound (D)
  A worker ant (D)
  An adder (D)
  A shadow imp (D)
  A leopard gecko (D)
  A goblin (D)
  A hobgoblin (D)
  A kobold (D)
  A bat (D)
  A giant cockroach zombie (D)
14 creatures vanquished.

Notes
Turn   | Place    | Note
-------+----------+-------------------------------------------
     0 | D        | schets the Ogre Hunter began the quest for the Orb.
     0 | D        | Reached XP level 1. HP: 22/22 MP: 1/1
    14 | D        | Reached skill level 5 in Throwing
    16 | D        | Reached XP level 2. HP: 17/31 MP: 2/2
   153 | D        | Noticed a crimson imp
   166 | D        | Reached skill level 6 in Throwing
   166 | D        | Reached XP level 3. HP: 37/37 MP: 3/3
   168 | D        | Reached skill level 7 in Throwing
   200 | D        | Reached skill level 8 in Throwing
   200 | D        | Reached XP level 4. HP: 30/49 MP: 4/4
   443 | D        | Found a roughly hewn altar of Beogh.
   443 | D        | Found a snail-covered altar of Cheibriados.
   443 | D        | Found a shadowy altar of Dithmenos.
   443 | D        | Found a white marble altar of Elyvilon.
   443 | D        | Found a blossoming altar of Fedhas.
   443 | D        | Found an opulent altar of Gozag.
   444 | D        | Found a hazy altar of Hepliaklqana.
   445 | D        | Found a viscous altar of Jiyva.
   446 | D        | Found an ancient bone altar of Kikubaaqudgha.
   447 | D        | Found a corrupted altar of Lugonu.
   448 | D        | Found a burning altar of Makhleb.
   449 | D        | Found a sparkling altar of Nemelex Xobeh.
   450 | D        | Found an iron altar of Okawaru.
   451 | D        | Found a stormy altar of Qazlal.
   452 | D        | Found a sacrificial altar of Ru.
   453 | D        | Found a deep blue altar of Sif Muna.
   454 | D        | Found a bloodstained altar of Trog.
   455 | D        | Found a hide-covered altar of Uskayaw.
   456 | D        | Found a radiant altar of Vehumet.
   457 | D        | Found a shimmering altar of Xom.
   458 | D        | Found a basalt altar of Yredelemnul.
   459 | D        | Found a glowing silver altar of Zin.
   460 | D        | Found a glowing golden altar of the Shining One.
   490 | D        | Became a worshipper of Warmaster Okawaru
   538 | D        | Noticed a sky beast
   538 | D        | Noticed a big kobold
   538 | D        | Noticed an orc warrior
   589 | D        | Killed an orc warrior
   589 | D        | Reached skill level 5 in Fighting
   589 | D        | Reached skill level 1 in Short Blades
   589 | D        | Reached skill level 9 in Throwing
   589 | D        | Reached skill level 1 in Stealth
   589 | D        | Reached XP level 5. HP: 57/57 MP: 5/5
   596 | D        | Reached skill level 10 in Throwing
   599 | D        | Killed a big kobold
   599 | D        | Reached * piety under Okawaru
   599 | D        | Reached skill level 1 in Maces & Flails
   599 | D        | Reached skill level 11 in Throwing
   599 | D        | Reached XP level 6. HP: 50/67 MP: 6/6
   617 | D        | HP: 3/68 [something (6)]
   618 | D        | Slain by a sky beast

Skill      XL: |  1  2  3  4  5  6 |
---------------+-------------------+-----
Fighting       | 3 4 5 6 |  6.3
Throwing       | 5 6 8 9 11 | 11.2
Dodging        | 2 3 4 |  4.2
Short Blades   | 1 2 |  2.0
Stealth        | 1 |  1.1
Maces & Flails | 1 |  1.6

Action                   |  1- 3 |  4- 6 || total
-------------------------+-------+-------++-------
Melee: Short sword       |    26 |       ||    26
       Dire flail        |       |    22 ||    22
Throw: Large rock        |    13 |     5 ||    18
       Throwing net      |     2 |     2 ||     4
Invok: Heroism           |       |     1 ||     1
  Use: Potion            |     1 |       ||     1
Armor: Robe              |    17 |     2 ||    19
Dodge: Dodged            |    27 |    12 ||    39
